AoeStats
← Radu029

Arabia

506516794Analyzed
1v1 RM · 18d ago on Sep 13, 2026· 55m 7s· 2 players
Game mode
Random Map
Map size
Tiny (2 player)
Population
200
Speed
Normal
Resources
Standard
Victory
Conquest
Starting age
Dark Age
Ending age
Imperial Age
RankedLock teamsTeams togetherTeam positionsShared explorationLock speedFull tech treeHidden civsTurbo modeCheats
Victory
Defeat
🇷🇴 Chinese · Romania
84
+16
🇲🇽 Khmer · Mexico
90
-16
Radu029
1:05 Loom
14:38 Feudal Age
15:04 Double-Bit Axe
21:29 Castle Age
19:24 Gold Mining
19:43 Horse Collar
20:16 Padded Archer Armor
21:08 Stone Mining
23:51 Wheelbarrow
29:21 Heavy Plow
29:56 Leather Archer Armor
29:31 Fletching
33:59 Hand Cart
35:01 Bodkin Arrow
36:01 Bow Saw
36:35 Stone Shaft Mining
36:35 Gold Shaft Mining
45:26 Imperial Age
50:14 Ring Archer Armor
49:44 Bracer
49:09 Elite Chu Ko Nu
TheAlbert
42:54 Feudal Age
50:14 Bloodlines
52:27 Castle Age
50:16 Loom
51:07 Wheelbarrow
50:18 Town Watch
53:44 Crossbowman
53:44 Elite Skirmisher
Connection lost

Rejoining the realm…

Still unreachable

The connection could not be restored.

Session expired

The server has moved on; the page needs a fresh start.